 Dungeon Crawl Stone Soup version 0.30-a0-451-ge042605de7 (webtiles) character file.

Game seed: 14917474183320648728

15836 AigisTheKnight the Geomancer (level 12, -22/77 HPs)
             Began as a Gargoyle Earth Elementalist on Dec 12, 2022.
             Was an Elder of the Shining One.
             Killed from afar by a fire dragon (47 damage)
             ... with a blast of flame
             ... on level 10 of the Dungeon.
             The game lasted 00:23:26 (12774 turns).

AigisTheKnight the Geomancer (GrEE)                Turns: 12774, Time: 00:23:29

Health: -22/77     AC: 19    Str: 12    XL:     12   Next: 31%
Magic:  24/24      EV: 12    Int: 21    God:    the Shining One [****..]
Gold:   405        SH: 10    Dex: 10    Spells: 19/28 levels left

rFire   . . .      SeeInvis .    B - +1 dagger (venom)
rCold   . . .      Faith    .    C - +0 buckler
rNeg    + + +      Spirit   .    T - +0 troll leather armour
rPois   ∞          Reflect  +    (no helmet)
rElec   +          Harm     .    (no cloak)
rCorr   .          Rampage  .    A - +0 pair of gloves
Will    .....                    (no boots)
Stlth   +.........               h - amulet of reflection
HPRegen 1.12/turn                j - ring of wizardry
MPRegen 0.19/turn                E - +4 ring of protection

@: about to teleport, glowing
A: sickness immunity, AC +8, negative energy resistance 1, electricity
resistance, torment resistance 1, petrification resistance
a: Renounce Religion, Divine Shield, Cleansing Flame


You were on level 10 of the Dungeon.
You worshipped the Shining One.
The Shining One was greatly pleased with you.
You visited 1 branch of the dungeon, and saw 11 of its levels.

You collected 499 gold pieces.
You spent 94 gold pieces at shops.

Inventory:

Hand Weapons
 v - a +0 quarterstaff
 B - a +1 dagger of venom (weapon)
 I - a +2 whip of flaming
Missiles
 N - 4 throwing nets
Armour
 w - +0 acid dragon scales
 A - a +0 pair of gloves (worn)
 C - a +0 buckler (worn)
 P - a +1 ring mail of poison resistance
 T - a +0 troll leather armour (worn)
Jewellery
 a - an amulet of faith
 d - a ring of fire
 h - an amulet of reflection (around neck)
 i - a ring of flight
 j - a ring of wizardry (left hand)
 E - a +4 ring of protection (right hand)
 Q - a +6 ring of dexterity
Wands
 k - a wand of polymorph (11)
 F - a wand of paralysis (18)
 G - a wand of flame (1)
 R - a wand of roots (6)
Scrolls
 e - 2 scrolls of immolation {unknown}
 f - 5 scrolls of teleportation
 g - a scroll of identify
 m - a scroll of silence {unknown}
 p - a scroll of enchant armour {unknown}
 q - 3 scrolls of vulnerability {unknown}
 s - 3 scrolls of brand weapon {unknown}
 t - 2 scrolls of amnesia {unknown}
 y - 3 scrolls of fog {unknown}
 H - a scroll of fear {unknown}
 J - 3 scrolls of magic mapping {unknown}
 K - 2 scrolls of noise {unknown}
 L - a scroll of torment {unknown}
 M - a scroll of summoning {unknown}
 O - 2 scrolls of blinking {unknown}
Potions
 b - a potion of magic
 c - 5 potions of curing
 l - a potion of lignification {unknown}
 n - 2 potions of haste
 o - a potion of attraction
 r - a potion of degeneration {unknown}
 u - a potion of might {unknown}
 x - 2 potions of heal wounds
 z - a potion of berserk rage {unknown}
 D - 5 potions of mutation
 S - a potion of flight


   Skills:
 + Level 10.2 Fighting
 + Level 8.9 Armour
 - Level 4.0 Dodging
 - Level 2.1 Stealth
 - Level 5.3 Shields
 + Level 8.9 Spellcasting
 - Level 0.7 Transmutations
 - Level 3.1 Air Magic
 + Level 11.8 Earth Magic


You had 19 spell levels left.
You knew the following spells:

 Your Spells              Type           Power      Damage    Failure   Level
a - Sandblast             Erth           100%       2d20      1%          1
b - Stone Arrow           Conj/Erth      68%        3d11      1%          3
c - Passwall              Tmut/Erth      29%        N/A       1%          2
d - Swiftness             Air            22%        N/A       4%          3

Your spell library contained the following spells:

 Spells                   Type           Power      Damage    Failure   Level
 Shock                    Conj/Air       64%        1d7       2%          1
 Petrify                  Tmut/Erth      35%        N/A       3%          4
 Freeze                   Ice            36%        1d5       4%          1
 Summon Small Mammal      Summ           36%        N/A       4%          1
 Borgnjor's Vile Clutch   Necr/Erth      17%        N/A       12%         5
 Airstrike                Air            11%        2d(2-18)  13%         4
 Call Canine Familiar     Summ           9%         N/A       14%         3
 Frozen Ramparts          Ice            18%        1d3       14%         3
 Hailstorm                Conj/Ice       9%         3d4       14%         3
 Summon Guardian Golem    Hex/Summ       9%         N/A       14%         3
 Tukima's Dance           Hex            9%         N/A       14%         3
 Passage of Golubria      Tloc           9%         N/A       41%         4
 Alistair's Intoxication  Tmut/Pois      6%         N/A       69%         5
 Yara's Violent Unravell  Hex/Tmut       5%         3d4       69%         5
 Eringya's Noxious Bog    Tmut/Pois      5%         N/A       99%         6


Dungeon Overview and Level Annotations

Branches:
Dungeon (11/15)            Temple (0/1) D:5            Lair (0/5) D:9
    Orc (0/2) D:10

Altars:
Fedhas
Gozag
Makhleb
Nemelex Xobeh
Okawaru
Sif Muna
Vehumet
Xom
Yredelemnul
Zin
The Shining One

Shops:
D:6 [[[   D:11 *

Annotations:
D:4 1 runed translucent door, Crazy Yiuf


Innate Abilities, Weirdness & Mutations

You are immune to sickness and miasma.
Your stone body is resilient. (AC +8)
You are immune to poison.
You resist negative energy. (rN+)
You are resistant to electric shocks. (rElec)
You are resistant to unholy torment.
You are immune to petrification.


Message History

You finish taking off your +0 steam dragon scales.
You start putting on your armour.
You continue putting on your +0 troll leather armour. x5
You finish putting on your +0 troll leather armour.
The armour throbs as it attunes itself to your uninjured body.
You drop +0 steam dragon scales.
Found a stone staircase leading down.
Found a stone staircase leading up.
You now have 405 gold pieces (gained 19).
Done exploring.
Done exploring.
Done exploring.
There is a stone staircase leading down here.
There is a stone staircase leading up here.
You climb upwards.
There is a stone staircase leading down here.
Items here: ))) [[.
You see here a +0 club.
You see here a +0 shortbow.
You open the door.
There is an open door here.
The fire dragon roars deafeningly!
You see here a +1 ring mail of poison resistance.
P - a +1 ring mail of poison resistance The fire dragon breathes flames at you.
The blast of flame hits you!!!
Ouch! That really hurt!
There is an open door here.
You close the door.
There is an open door here.
You close the door.
The efreet gestures at you.
The fireball explodes!
The fireball engulfs you!!
Unknown command.
As you read the scroll of teleportation, it crumbles to dust.
You feel strangely unstable. The fire dragon breathes flames at you.
The blast of flame hits you!!!
Ouch! That really hurt!
You die...

#####.....##...###+##..##...##...
...##############...#.......##...
..........##)..##...#..D....##...
......(...))).......+..R°........
...##.....##.......##..##°.......
...##.....##...##..##'###○..#....
..........##'####+###..##..##R###
...(......##...##.R#...##R.#.C°#)
...##.....##....@..D.....○.#...○.
###.......##...##..##......#..°#.
...........#...##..##......##+###
....#####..######..#...##..# #}
....#..[#..# #...##..##..# .#.
##._#...#_.# #...##..##..# ..#?
....#...#..# #...........##+###
....#####..# #...........#
...........# #############


You could see a fire dragon (catching breath) and an efreet.

Vanquished Creatures
  Josephine (D:11)
  An ogre mage (D:10)
  A centaur warrior (D:10)
  A tengu warrior (D:10)
  2 two-headed ogres
  Pikel (D:5)
  2 manticores
  Joseph (D:7)
  2 kobold demonologists (D:11)
  2 komodo dragons
  A freezing wraith (D:10)
  A wind drake (shapeshifter) (D:10)
  3 hornets
  3 trolls (D:11)
  Prince Ribbit (D:5)
  Grinder (D:5)
  2 shadows (D:11)
  Sigmund (D:3)
  A vampire (D:9)
  17 yaks
  3 wraiths (D:11)
  2 wyverns
  Eustachio (D:6)
  Menkaure (D:6)
  2 steam dragons
  A vampire mosquito (D:11)
  An acid dragon (D:10)
  Duvessa (D:6)
  4 orc warriors
  An ice beast (D:5)
  3 sky beasts
  A black bear (D:7)
  An ogre (D:6)
  2 centaurs
  2 phantoms
  2 kobold brigands
  4 bullfrogs
  A gnoll sergeant (D:10)
  2 necrophages
  A water moccasin zombie (D:4)
  A scorpion (D:5)
  Dowan (D:6)
  3 killer bees (D:8)
  A howler monkey (D:5)
  A crimson imp (D:6)
  A centaur zombie (D:4)
  3 hounds
  5 orc priests
  A jelly (D:6)
  A gnoll bouda (D:7)
  Ijyb (D:3)
  3 iguanas
  4 orc wizards
  14 gnolls
  10 adders
  5 white imps
  2 ufetubi
  7 dart slugs
  22 orcs
  7 bats
  10 endoplasms
  5 giant cockroaches
  4 hobgoblins
  6 quokkas
  6 ball pythons
  4 frilled lizards
  14 goblins
  13 kobolds
  9 rats
245 creatures vanquished.

Vanquished Creatures (others)
  An angel (D:10)
  2 fungi (D:4)
3 creatures vanquished.

Grand Total: 248 creatures vanquished

Notes
Turn   | Place    | Note
-------+----------+-------------------------------------------
     0 | D:1      | AigisTheKnight the Gargoyle Earth Elementalist began the
                  | quest for the Orb.
     0 | D:1      | Reached XP level 1. HP: 10/10 MP: 3/3
   171 | D:1      | Reached XP level 2. HP: 16/16 MP: 3/5
   303 | D:1      | Reached skill level 1 in Fighting
   627 | D:1      | Reached skill level 4 in Earth Magic
   627 | D:1      | Reached XP level 3. HP: 19/20 MP: 2/6
  1126 | D:2      | Reached XP level 4. HP: 26/26 MP: 5/7
  1479 | D:2      | Found a faded altar of an unknown god.
  2006 | D:3      | Noticed Ijyb
  2064 | D:3      | Killed Ijyb
  2160 | D:3      | Noticed Sigmund
  2344 | D:3      | Reached XP level 5. HP: 30/30 MP: 7/9
  2476 | D:3      | Found a shimmering blue altar of Sif Muna.
  2558 | D:3      | Found a glowing golden altar of the Shining One.
  2639 | D:3      | Became a worshipper of the Shining One
  2867 | D:3      | Killed Sigmund
  2868 | D:3      | Reached skill level 5 in Earth Magic
  2868 | D:3      | Reached XP level 6. HP: 27/37 MP: 6/11
  3742 | D:4      | Reached XP level 7. HP: 36/41 MP: 6/12
  3788 | D:4      | Found a basalt altar of Yredelemnul.
  4010 | D:4      | Found a runed translucent door.
  4011 | D:4      | Noticed Crazy Yiuf
  4260 | D:4      | Learned a level 3 spell: Stone Arrow
  4317 | D:5      | Entered Level 5 of the Dungeon
  4510 | D:5      | Reached skill level 6 in Earth Magic
  4885 | D:5      | Noticed Prince Ribbit
  4885 | D:5      | Reached * piety under the Shining One
  4890 | D:5      | Killed Prince Ribbit
  4891 | D:5      | Reached XP level 8. HP: 39/48 MP: 6/14
  4968 | D:5      | Noticed Grinder
  4987 | D:5      | Killed Grinder
  4988 | D:5      | Reached skill level 5 in Fighting
  4988 | D:5      | Reached skill level 1 in Armour
  5265 | D:5      | Reached skill level 7 in Earth Magic
  5336 | D:5      | Found a staircase to the Ecumenical Temple.
  5500 | D:6      | Noticed Menkaure
  5504 | D:6      | Killed Menkaure
  5505 | D:6      | Reached skill level 5 in Spellcasting
  5619 | D:6      | Found Lumemp's Antique Armour Emporium.
  5686 | D:6      | Reached XP level 9. HP: 55/55 MP: 12/17
  5687 | D:6      | Bought a buckler for 94 gold pieces
  5761 | D:6      | Noticed Eustachio
  5896 | D:6      | Noticed Dowan
  5897 | D:6      | Noticed Duvessa
  5937 | D:6      | Killed Dowan
  6083 | D:6      | Killed Duvessa
  6084 | D:6      | Reached skill level 1 in Shields
  6213 | D:6      | Found a burning altar of Makhleb.
  6213 | D:6      | Found a radiant altar of Vehumet.
  6293 | D:6      | Found Saarac's Antique Armour Shop.
  6378 | D:6      | Found Bolic's Antique Armour Shoppe.
  6382 | D:6      | Reached skill level 8 in Earth Magic
  6445 | D:6      | Killed Eustachio
  6609 | D:6      | Noticed Pikel
  6631 | D:5      | Killed Pikel
  6949 | D:7      | Found an iron altar of Okawaru.
  7053 | D:7      | Found an opulent altar of Gozag.
  7254 | D:7      | Found a blossoming altar of Fedhas.
  7353 | D:7      | Noticed Joseph
  7353 | D:7      | Reached ** piety under the Shining One
  7371 | D:7      | Killed Joseph
  7464 | D:7      | Reached skill level 5 in Armour
  7464 | D:7      | Reached skill level 1 in Air Magic
  7464 | D:7      | Reached XP level 10. HP: 62/63 MP: 14/19
  7823 | D:8      | Found the +7 staff of the Meek {protect, meekguard}
  7980 | D:8      | Reached skill level 9 in Earth Magic
  8355 | D:8      | Found a sparkling altar of Nemelex Xobeh.
  9769 | D:9      | Found a staircase to the Lair.
  9865 | D:9      | Reached skill level 5 in Shields
 10042 | D:9      | Noticed a two-headed ogre
 10051 | D:9      | Killed a two-headed ogre
 10052 | D:9      | Reached XP level 11. HP: 68/68 MP: 17/21
 10059 | D:9      | Learned a level 2 spell: Passwall
 10063 | D:9      | Learned a level 3 spell: Swiftness
 10244 | D:10     | Entered Level 10 of the Dungeon
 10262 | D:10     | Found a staircase to the Orcish Mines.
 10401 | D:10     | Reached skill level 10 in Earth Magic
 10530 | D:10     | Noticed an angel
 10531 | D:10     | Found a shimmering altar of Xom.
 10531 | D:10     | Found a glowing silver altar of Zin.
 10744 | D:10     | Noticed a centaur warrior
 10746 | D:10     | Killed a centaur warrior
 10788 | D:10     | Noticed an ogre mage
 10793 | D:10     | Killed an ogre mage
 10846 | D:10     | Killed an angel
 10959 | D:10     | Noticed a manticore
 10962 | D:10     | Killed a manticore
 11087 | D:10     | Noticed a tengu warrior
 11093 | D:10     | Killed a tengu warrior
 11196 | D:10     | Noticed a fire dragon
 11196 | D:10     | Reached *** piety under the Shining One
 11197 | D:10     | Noticed a cyclops
 11354 | D:11     | Noticed a two-headed ogre
 11358 | D:11     | Killed a two-headed ogre
 11507 | D:11     | Reached skill level 11 in Earth Magic
 11823 | D:11     | Reached XP level 12. HP: 77/77 MP: 20/24
 12081 | D:11     | Noticed Josephine
 12104 | D:11     | Killed Josephine
 12105 | D:11     | Reached skill level 10 in Fighting
 12118 | D:11     | Reached **** piety under the Shining One
 12382 | D:11     | Found Xoigov's Mass Market.
 12774 | D:10     | Killed from afar by a fire dragon

Illustrated notes

Levels and vault maps discovered:
D:1:      amcnicky_arrival_double_pillar, layout_basic, minmay_misc_feat_tower
D:2:      layout_basic, ebering_ecumenical_altar_rust
D:3:      kennysheep_the_goblin_king, layout_loops_ring,
          mainiacjoe_overflow_tiny_flanked, mainiacjoe_overflow_alcove_4,
          uniq_sigmund
D:4:      layout_layer_cave, lemuel_zombie_altar_yredelemnul,
          uniq_crazy_yiuf_cottage
D:5:      layout_basic, temple_green, uniq_grinder, uniq_prince_ribbit1
D:6:      layout_loops_ring, grunt_temple_overflow_lords_of_destruction,
          serial_shops, kennysheep_little_box, nicolae_shop_hallway_plus,
          kennysheep_mini_moat, uniq_eustachio, uniq_menkaure, uniq_duvessa,
          uniq_pikel
D:7:      layout_basic, fedhas_altar_1, grunt_gozag_breadcrumbs,
          lemuel_doored_altar, uniq_joseph
D:8:      layout_basic, general_overflow_altar
D:9:      layout_small_grid, lair_entry_dummy
D:10:     layout_gridville, grunt_temple_overflow_order_and_chaos_1,
          nicolae_qazlal_style_of_elements, orc_0_dummy, minmay_evil_grid
D:11:     minmay_skewed_foursquare, layout_loops_cross, minmay_shop_mass,
          uniq_josephine

Skill      XL: |  1  2  3  4  5  6  7  8  9 10 11 12 |
---------------+-------------------------------------+-----
Fighting       | 1 2 3 4 5 7 8 9 10 | 10.2
Dodging        | 2 3 4 |  4.0
Earth Magic    | 4 5 6 7 8 9 11 | 11.8
Spellcasting   | 3 4 5 6 7 8 |  8.9
Armour         | 3 5 6 8 |  8.9
Shields        | 3 5 |  5.3
Air Magic      | 1 3 |  3.1
Stealth        | |  2.1
Transmutations | |  0.7

Action                   |  1- 3 |  4- 6 |  7- 9 | 10-12 || total
-------------------------+-------+-------+-------+-------++-------
Melee: Unarmed           |     5 |    44 |       |       ||    49
       Punch             |       |     1 |       |       ||     1
       Quarterstaff      |       |       |    18 |       ||    18
       Dagger            |       |       |     7 |   109 ||   116
 Cast: Sandblast         |    32 |    82 |   142 |   171 ||   427
       Stone Arrow       |       |       |    14 |    67 ||    81
Evoke: Wand              |       |       |       |     2 ||     2
  Use: Scroll            |       |       |       |     6 ||     6
 Stab: Sleeping          |       |     1 |       |       ||     1
Armor: Robe              |     3 |       |       |       ||     3
       Leather armour    |       |    25 |    36 |    39 ||   100
       Steam dragon scal |       |       |       |    83 ||    83
Dodge: Dodged            |     9 |    65 |    61 |   134 ||   269
Block: Other             |       |    12 |    11 |       ||    23
       Reflection        |       |     1 |     2 |     5 ||     8
       Buckler           |       |       |    23 |   138 ||   161

Table legend: (Time is in decaauts)
 A = Elapsed time spent in this place.
 B = Non-inter-level travel time spent in this place.
 C = Inter-level travel time spent in this place.
 D = Time resting spent in this place.
 E = Time spent auto-exploring this place.
 F = Levels seen in this place.
 G = Mean time per level.
                   A        B        C        D        E       F      G
               +--------+--------+--------+--------+--------+-----+--------+
         Total |  13004 |  12431 |    573 |   1280 |   9147 |  11 | 1182.2 |
       Dungeon |  13004 |  12431 |    573 |   1280 |   9147 |  11 | 1182.2 |
               +--------+--------+--------+--------+--------+-----+--------+

Top non-repeatable levels by time:
    D:11: 1566 daAuts
     D:8: 1430 daAuts
     D:6: 1340 daAuts
     D:4: 1304 daAuts
     D:5: 1241 daAuts
     D:3: 1186 daAuts
     D:9: 1161 daAuts
     D:1: 1036 daAuts
    D:10: 1022 daAuts
     D:7: 868 daAuts
     D:2: 845 daAuts
